 Dungeon Crawl Stone Soup version 0.30-a0-778-g2ef04afb54 (console) character file.

Game seed: 17374673532505755802

21 rlgrobin the Chopper (level 3, -2/46 HPs)
             Began as a Meteoran Fighter on Feb 17, 2023.
             Slain by an orc
             ... wielding a +0 trident
              (5 damage)
             ... on level 3 of the Dungeon.
             The game lasted 00:00:50 (170 turns).

rlgrobin the Chopper (Meteoran Fighter)              Turns: 170, Time: 00:00:50

Health: -2/46      AC:  6    Str: 20    XL:     3   Next: 20%
Magic:  4/4        EV:  9    Int:  9    God:
Gold:   61         SH:  5    Dex: 13    Spells: 2/2 levels left

rFire   . . .      SeeInvis .    a - +0 war axe
rCold   . . .      Faith    .    c - +0 buckler
rNeg    . . .      Spirit   .    b - +0 scale mail
rPois   .          Reflect  .    (no helmet)
rElec   .          Harm     .    (no cloak)
rCorr   .          Rampage  .    (no gloves)
Will    .....                    (no boots) Stlth
                                 (no amulet)
HPRegen 0.27/turn                (no ring)
MPRegen 0.09/turn                (no ring)

@: berserking, glowing, very quick
A: sense surroundings 1, otherworldly, glowing, explore regen
a: no special abilities


You were on level 3 of the Dungeon.
You visited 1 branch of the dungeon, and saw 3 of its levels.

You collected 61 gold pieces.

Inventory:

Hand Weapons
 a - a +0 war axe (weapon)
Armour
 b - a +0 scale mail (worn)
 c - a +0 buckler (worn)
Scrolls
 e - a scroll of teleportation {unknown}
 g - a scroll of identify {unknown}
 h - a scroll of amnesia {unknown}
Potions
 d - 2 potions of might


   Skills:
 - Level 3.2 Fighting
 + Level 4.0 Axes
 - Level 3.6 Armour
 - Level 3.6 Shields


You had 2 spell levels left.
You didn't know any spells.
Your spell library was empty.

Dungeon Overview and Level Annotations

Branches:
Dungeon (3/15) Zot: 1621

Altars:


Innate Abilities, Weirdness & Mutations

You passively map a small area around you.
You are easily found by Zot.
You glow in the dark.
You regain HP and MP as you explore.


Message History

You kill the orc!
You barely miss the kobold. You hit the orc wizard. You slash the orc!
You kill the orc!
You barely miss the adder. The adder bites you but does no damage.
The kobold hits you but does no damage. The orc hits you but does no damage.
You block the orc wizard's attack. The adder bites you.
Your Axes skill increases to level 4!
You slash the orc wizard!
The orc wizard is almost dead.
You barely miss the adder. You hit the kobold but do no damage.
You block the kobold's attack. The orc hits you but does no damage.
The orc wizard hits you but does no damage.
The adder bites you.
The kobold hits you with a +0 short sword.
The orc wizard mumbles some strange words.
The orc wizard flickers and vanishes!
Deactivating autopickup; reactivate with Ctrl-A.
The orc completely misses you.
You are too injured to fight recklessly!
You are too injured to fight recklessly!
You are too injured to fight recklessly!
You miss something. You miss the kobold. You hit the adder but do no damage.
The adder barely misses you.
The kobold hits you with a +0 short sword.
The orc misses you. You block the adder's attack.
You hear some strange, mumbled words.
A puff of flame appears from out of thin air!
The puff of flame hits you!
* * * LOW HITPOINT WARNING * * *
You barely miss something. You barely miss the adder.
You hit the kobold but do no damage. You block the adder's attack.
You block the kobold's attack. The orc barely misses you. Something hits you.
* * * LOW HITPOINT WARNING * * *
The adder barely misses you.
It was a potion of berserk rage.
A red film seems to cover your vision as you go berserk!
You feel yourself moving faster!
You feel mighty! The kobold hits you but does no damage.
The orc hits you from afar with a +0 trident.
You die...

* * * ,.. *
* *#. *
##.###
....# * ,,
* #.).#
#.####.o.#
,
.>....).)#
,* , #S@{#
,
.......K.#
##.####..#*
* , , ....
,, * ######
, , * ,* ,
, ,,* * *
,* *, ,


You could see an adder, an orc and a kobold.

Vanquished Creatures
  A dart slug (D:1)
  3 orcs (D:3)
  2 endoplasms
  2 hobgoblins
  3 jackals (D:1)
  2 ball pythons (D:1)
  A kobold (D:1)
14 creatures vanquished.

Notes
Turn   | Place    | Note
-------+----------+-------------------------------------------
     0 | D:1      | rlgrobin the Meteoran Fighter began the quest for the Orb.
     0 | D:1      | Reached XP level 1. HP: 19/19 MP: 2/2
    49 | D:1      | Reached skill level 3 in Axes
    49 | D:1      | Reached XP level 2. HP: 26/26 MP: 3/3
   163 | D:3      | Reached XP level 3. HP: 31/31 MP: 4/4
   167 | D:3      | Reached skill level 4 in Axes
   170 | D:3      | Slain by an orc

Illustrated notes

Levels and vault maps discovered:
D:1:      lightli_arrival_statue_moat, layout_basic, serial_bayou_lake_a
D:2:      layout_basic, kennysheep_nub, glass_columns_b
D:3:      layout_loops_ring, shapermc_ecumenical_altar_notcrosses,
          kennysheep_generic_room_12, uniq_robin

Skill      XL: |  1  2  3 |
---------------+----------+-----
Axes           | 3 4 |  4.0
Fighting       | |  3.2
Armour         | |  3.6
Shields        | |  3.6

Action                     || total
---------------------------++-------
  Melee: War axe           ||    22
    Use: Potion            ||     1
 Armour: Scale mail        ||    21
  Dodge: Dodged            ||    14
  Block: Buckler           ||    11

Table legend: (Time is in decaauts)
 A = Elapsed time spent in this place.
 B = Non-inter-level travel time spent in this place.
 C = Inter-level travel time spent in this place.
 D = Time resting spent in this place.
 E = Time spent auto-exploring this place.
 F = Levels seen in this place.
 G = Mean time per level.
                   A        B        C        D        E       F      G
               +--------+--------+--------+--------+--------+-----+--------+
         Total |    177 |    177 |      0 |      0 |      0 |   3 |   59.0 |
       Dungeon |    177 |    177 |      0 |      0 |      0 |   3 |   59.0 |
               +--------+--------+--------+--------+--------+-----+--------+

Top non-repeatable levels by time:
     D:1: 100 daAuts
     D:2: 63 daAuts
     D:3: 12 daAuts
